 Dungeon Crawl Stone Soup version 0.26.1-11-gd32895ea62 (webtiles) character file.

Game seed: 16948239306932639266

16725 Eitelfritz the Carver (level 12, -1/106 HPs)
             Began as a Minotaur Gladiator on June 10, 2021.
             Was a High Priest of Okawaru.
             Slain by a cyclops (22 damage)
             ... on level 12 of the Dungeon.
             The game lasted 00:41:20 (12584 turns).

Eitelfritz the Carver (Minotaur Gladiator)         Turns: 12584, Time: 00:41:21

Health: -1/106     AC: 19    Str: 19    XL:     12   Next: 12%
Magic:  9/15       EV: 14    Int:  8    God:    Okawaru [*****.]
Gold:   1673       SH:  0    Dex: 14    Spells: 11/11 levels left

rFire    . . .     SeeInvis .   a - +4 great sword (holy)
rCold    + . .     Faith    .   (shield currently unavailable)
rNeg     . . .     Spirit   .   T - +0 chain mail
rPois    .         Reflect  .   c - +1 hat
rElec    .         Harm     .   O - +0 cloak
rCorr    .         Rampage  .   (no gloves)
Will     .....                  D - +2 pair of boots
Stlth    ..........             k - amulet of regeneration
HPRegen  0.67/turn              J - ring of protection from cold
MPRegen  0.14/turn              (no ring)

@: lethally poisoned (-1 -> -3), heroism, finesse
A: retaliatory headbutt, horns 2
a: Renounce Religion, Heroism, Finesse


You were on level 12 of the Dungeon.
You worshipped Okawaru.
Okawaru was extremely pleased with you.
You visited 1 branch of the dungeon, and saw 12 of its levels.
You also visited: Sewer and Bailey.

You collected 2596 gold pieces.
You spent 923 gold pieces at shops.

Inventory:

Hand Weapons
 a - a +4 great sword of holy wrath (weapon)
 b - a +0 longbow
 m - a +2 scimitar of protection
 I - a +2 flail of protection
 U - a +0 executioner's axe of flaming
Missiles
 d - 8 throwing nets (quivered)
 s - 41 boomerangs
 u - 56 poisoned darts
 y - 231 arrows
Armour
 c - a +1 hat (worn)
 D - a +2 pair of boots (worn)
 O - a +0 cloak (worn)
 S - the +3 chain mail "Quaviy" {*Drain Will+ Int+3}
   (You bought it in a shop on level 11 of the Dungeon)

   It affects your intelligence (+3).
   It affects your willpower, your defense against some magical effects.
   It causes draining when unequipped.
 T - a +0 chain mail (worn)
Jewellery
 h - an uncursed amulet of reflection
 j - an uncursed amulet of faith {unknown}
 k - an amulet of regeneration (around neck)
 J - a ring of protection from cold (left hand)
 R - an uncursed ring of see invisible {unknown}
Wands
 f - a wand of disintegration (12)
 A - a wand of random effects (48)
 E - a wand of acid (6)
 F - a wand of polymorph (10)
 G - a wand of flame (38)
 N - a wand of digging (9)
Scrolls
 i - 3 scrolls of teleportation
 l - 8 scrolls of remove curse
 n - 11 scrolls of identify
 o - 3 scrolls of enchant armour
 t - 5 scrolls of magic mapping
 w - a scroll of blinking
 C - 2 scrolls of amnesia
 K - a scroll of fear
 M - 2 scrolls of immolation {unknown}
 Q - a scroll of silence
Potions
 e - 4 potions of curing
 g - a potion of ambrosia {unknown}
 p - a potion of lignification
 q - a potion of attraction
 r - 2 potions of invisibility
 v - 2 potions of might {unknown}
 x - 2 potions of heal wounds
 z - 2 potions of mutation
 B - 2 potions of cancellation {unknown}
 L - a potion of haste {unknown}
 P - a potion of flight {unknown}
Miscellaneous
 H - a box of beasts


   Skills:
 + Level 10.0(15.0) Fighting
 + Level 13.7(18.7) Long Blades
 + Level 1.8(6.8) Maces & Flails
 + Level 8.2(13.2) Bows
 + Level 2.2(7.2) Throwing
 + Level 9.6(14.6) Armour
 + Level 5.8(10.8) Dodging
 + Level 1.4(6.4) Stealth
 + Level 3.3(8.3) Unarmed Combat
 + Level 6.4 Invocations


You had 11 spell levels left.
You didn't know any spells.
Your spell library contained the following spells:

 Spells                   Type           Power        Failure   Level
 Animate Skeleton         Necr           0%           95%         1
 Apportation              Tloc           0%           95%         1
 Corona                   Hex            0%           95%         1
 Magic Dart               Conj           0%           95%         1
 Summon Small Mammal      Summ           0%           95%         1
 Blink                    Tloc           N/A          98%         2
 Call Imp                 Summ           0%           98%         2
 Slow                     Hex            0%           98%         2
 Conjure Flame            Conj/Fire      0%           100%        3
 Mephitic Cloud           Conj/Pois/Air  0%           100%        3


Dungeon Overview and Level Annotations

Branches:
Dungeon (12/15)            Temple (0/1) D:5            Lair (0/6) D:8
    Orc (0/2) D:11          Sewer (visited)          Bailey (visited)

Altars:
Okawaru
Zin

Shops:
D:5 (   D:7 =[   D:8 =   D:10 (   D:11 [


Innate Abilities, Weirdness & Mutations

You reflexively headbutt those who attack you in melee.
You have a pair of horns on your head.


Message History

You miss the hornet. Your headbutt misses the hornet.
The hornet is almost dead.
You feel sick. The hornet misses you.
You riposte.
You hit the hornet.
You kill the hornet!
Okawaru accepts your kill.
You feel sick.
Items here: ( ) ††.
Okay, then.
You feel sick.
You feel sick.
You feel sick.
You feel sick.
A cyclops comes into view.
A cyclops is nearby!
You feel sick.
You feel sick.
You slice the cyclops!!
The cyclops is heavily wounded.
The cyclops hits you!!
You die...

#### ...
###################.
.......?(.(........†
######.##†#########
#######.##.# #
#$C@.)(.#..# #
#.#######.## # #. ..
##


You could see a cyclops.

Vanquished Creatures
  Josephine (D:11)
  A hydra (D:11)
  A tengu warrior (D:11)
  Sonja (D:12)
  An unseen horror (D:11)
  The ghost of Gerhazo the Destroyer, a novice DrCj (D:7)
  Pikel (D:9)
  An orc knight (Bailey)
  A manticore (D:12)
  A cyclops (D:12)
  An ugly thing (D:11)
  Joseph (D:7)
  Psyche (D:11)
  A tengu conjurer (D:10)
  3 trolls
  A hornet (D:12)
  4 slime creatures
  A wyvern (D:11)
  A water elemental (D:11)
  4 wraiths (D:11)
  2 humans (D:6)
  7 yaks
  An acid dragon (D:10)
  A water moccasin (D:11)
  11 orc warriors
  4 sky beasts
  3 phantoms
  A black bear (D:6)
  3 ice beasts
  5 ogres
  4 centaurs
  A lemure (D:9)
  2 big kobolds
  7 bullfrogs
  A wyvern skeleton (D:10)
  4 scorpions
  2 water moccasin skeletons
  9 wights (D:7)
  2 electric eels (D:11)
  A howler monkey (D:5)
  5 hounds
  A bullfrog skeleton (D:11)
  A jelly (D:10)
  11 orc priests
  15 orc wizards
  2 centaur skeletons
  An iguana (D:6)
  8 worker ants
  A hound skeleton (D:4)
  A worker ant zombie (D:5)
  18 adders
  7 gnolls
  2 shadow imps
  2 white imps
  2 ufetubi
  11 oozes
  A worm (D:3)
  2 dart slugs (D:1)
  15 leopard geckos
  51 orcs
  12 ball pythons
  12 giant cockroaches
  18 goblins
  14 hobgoblins
  10 jackals
  8 quokkas
  10 bats
  15 frilled lizards
  A jackal skeleton (D:4)
  21 kobolds
  11 rats
388 creatures vanquished.

Notes
Turn   | Place    | Note
-------+----------+-------------------------------------------
     0 | D:1      | Eitelfritz the Minotaur Gladiator began the quest for the
                  | Orb.
     0 | D:1      | Reached XP level 1. HP: 18/18 MP: 0/0
   255 | D:1      | Reached XP level 2. HP: 25/25 MP: 1/1
   277 | D:1      | Reached skill level 4 in Long Blades
   553 | D:1      | Reached XP level 3. HP: 30/30 MP: 2/2
  1106 | D:2      | Reached skill level 1 in Armour
  1294 | D:2      | Found an iron altar of Okawaru.
  1301 | D:2      | Reached XP level 4. HP: 32/37 MP: 3/3
  1345 | D:2      | Became a worshipper of Warmaster Okawaru
  1594 | D:2      | Reached skill level 5 in Long Blades
  1907 | D:3      | Found a glowing drain.
  1956 | Sewer    | Entered a sewer
  2279 | Sewer    | Reached XP level 5. HP: 45/45 MP: 4/4
  2573 | Sewer    | Reached skill level 6 in Long Blades
  2647 | Sewer    | Reached * piety under Okawaru
  2648 | Sewer    | Reached XP level 6. HP: 51/51 MP: 5/5
  3330 | D:3      | Reached skill level 7 in Long Blades
  3962 | D:4      | Reached XP level 7. HP: 34/58 MP: 6/6
  4131 | D:4      | Reached skill level 1 in Invocations
  4887 | D:4      | Found a glowing silver altar of Zin.
  4961 | D:5      | Entered Level 5 of the Dungeon
  4979 | D:5      | Reached ** piety under Okawaru
  4980 | D:5      | Reached skill level 1 in Stealth
  5310 | D:5      | Found Fowukhlux's Weapon Shop.
  5324 | D:5      | Bought a +0 longbow for 54 gold pieces
  5487 | D:5      | Reached skill level 8 in Long Blades
  5598 | D:5      | Reached skill level 5 in Dodging
  5598 | D:5      | Reached XP level 8. HP: 63/67 MP: 8/8
  5821 | D:5      | Found a staircase to the Ecumenical Temple.
  6033 | D:6      | Reached skill level 1 in Bows
  6149 | D:6      | Reached skill level 5 in Fighting
  6149 | D:6      | Reached skill level 5 in Armour
  6450 | D:6      | Reached *** piety under Okawaru
  6749 | D:5      | Bought a +2 scimitar of protection for 201 gold pieces
  6800 | D:7      | Found a runed translucent gate.
  6801 | D:7      | Found a runed translucent gate.
  6802 | D:7      | Found a runed translucent gate.
  6810 | D:7      | Reached skill level 9 in Long Blades
  6955 | D:7      | Noticed Joseph
  6991 | D:7      | Killed Joseph
  6992 | D:7      | Reached XP level 9. HP: 47/75 MP: 10/10
  7054 | D:7      | Found Xohegaes's Armour Shop.
  7337 | D:7      | Found Mouteven's Jewellery Shop.
  7795 | D:7      | Noticed Gerhazo's ghost (novice DrCj)
  7940 | D:7      | Reached **** piety under Okawaru
  7941 | D:7      | Reached skill level 10 in Long Blades
  8045 | D:8      | Received a gift from Okawaru
  8046 | D:8      | Reached skill level 5 in Invocations
  8142 | D:8      | Reached XP level 10. HP: 72/86 MP: 12/12
  8354 | D:8      | Found Saguf's Jewellery Emporium.
  8381 | D:8      | Found a staircase to the Lair.
  8880 | D:9      | Reached skill level 11 in Long Blades
  9016 | D:9      | Reached skill level 5 in Bows
  9072 | D:7      | Killed Gerhazo's ghost
  9142 | D:9      | Noticed Pikel
  9153 | D:9      | Killed Pikel
  9153 | D:9      | Reached ***** piety under Okawaru
  9422 | D:9      | Identified a scroll of acquirement
  9422 | D:9      | Acquired 1148 gold pieces
  9443 | D:10     | Entered Level 10 of the Dungeon
  9469 | D:10     | Received a gift from Okawaru
  9470 | D:10     | Reached skill level 1 in Unarmed Combat
  9541 | D:10     | Found Ecrinn's Antique Weapon Shop.
  9546 | D:10     | Found a flagged portal.
  9564 | D:10     | Bought a glowing great sword for 294 gold pieces
  9586 | Bailey   | Entered a bailey
  9711 | Bailey   | Noticed an orc knight
  9731 | Bailey   | Killed an orc knight
  9816 | Bailey   | Found a bloodstained altar of Trog.
  9937 | D:10     | Reached XP level 11. HP: 88/95 MP: 14/14
 10108 | D:10     | Received a gift from Okawaru
 10356 | D:10     | Reached skill level 12 in Long Blades
 10516 | D:11     | Found Zaxotix's Antique Armour Boutique.
 10519 | D:11     | Bought a faintly humming chain mail for 209 gold pieces
 10530 | D:11     | Identified the +3 chain mail "Quaviy" {*Drain Will+ Int+3}
                  | (You bought it in a shop on level 11 of the Dungeon)
 10532 | D:11     | Bought a glowing chain mail for 165 gold pieces
 10557 | D:11     | Noticed a four-headed hydra
 10581 | D:11     | Killed a four-headed hydra
 10582 | D:11     | Reached skill level 1 in Maces & Flails
 10663 | D:11     | Noticed a two-headed ogre
 10826 | D:11     | Noticed Psyche
 10838 | D:11     | Killed Psyche
 10850 | D:11     | Noticed a tengu warrior
 10867 | D:11     | Killed a tengu warrior
 10867 | D:11     | Received a gift from Okawaru
 11192 | D:11     | Noticed Josephine
 11250 | D:11     | Received a gift from Okawaru
 11265 | D:11     | Killed Josephine
 11266 | D:11     | Reached skill level 13 in Long Blades
 11629 | D:11     | Killed an unseen horror
 11854 | D:11     | Noticed a brown ugly thing
 11867 | D:11     | Killed a brown ugly thing
 12013 | D:11     | Received a gift from Okawaru
 12292 | D:11     | Found a staircase to the Orcish Mines.
 12511 | D:12     | Reached XP level 12. HP: 101/106 MP: 15/15
 12561 | D:12     | Noticed Sonja
 12572 | D:12     | Killed Sonja
 12573 | D:12     | Reached skill level 10 in Fighting
 12584 | D:12     | Slain by a cyclops

Illustrated notes

Levels and vault maps discovered:
D:1:      ebering_trefoil_3fold, layout_loops_corners, minmay_pentomino_r2
D:2:      layout_loops_ring, serial_aquarium, aquarium_bridge_square
          [aquarium_subvault_wall, aquarium_subvault_bridge,
          aquarium_subvault_wall, aquarium_subvault_wall], aquarium_window_3,
          aquarium_window_double, aquarium_window_1, aquarium_view_2a,
          okawaru_trees_1
D:3:      layout_loops_ring, gup_sewer_entry_glass, minmay_misc_feat_ornament,
          minmay_increasing_density
D:4:      layout_basic, kennysheep_mini_moat
D:5:      layout_loops_ring, minmay_temple_entry_butterflies, serial_shops,
          shop, bh_walls_and_bars
D:6:      minmay_cornered_nines, layout_loops_cross, minmay_ruffians
D:7:      layout_cave_pods, ebering_ghost_rock_garden, serial_shops, shop,
          nicolae_shop_crystal, amethyst_killhole, minmay_misc_feat_enclosed,
          st_stairs_14, kennysheep_donut, uniq_joseph
D:8:      layout_cave_pools, lair_entry_dummy, serial_shops, shop
D:9:      layout_rooms, roderic_lattice_a, uniq_pikel
D:10:     layout_rooms, enter_bailey_5, serial_shops, shop, dk_noncrumbling_2,
          minivault_24
D:11:     layout_irregular_city, erik_orc_2, serial_shops, shop,
          eino_small_chamber_without_monster, grunt_decor_resistance,
          mumra_transporter_accident, uniq_psyche, uniq_josephine
D:12:     layout_basic, uniq_sonja, uniq_nessos

Skill      XL: |  1  2  3  4  5  6  7  8  9 10 11 12 |
---------------+-------------------------------------+-----
Long Blades    | 4 5 6 7 8 9 10 11 13 | 13.7
Dodging        | 4 5 |  5.8
Armour         | 1 2 3 4 6 7 8 9 |  9.6
Fighting       | 3 4 5 7 8 9 10 | 10.0
Invocations    | 2 3 5 6 |  6.4
Stealth        | 1 |  1.4
Bows           | 3 4 6 8 |  8.2
Unarmed Combat | 3 |  3.3
Maces & Flails | 1 |  1.8
Throwing       | |  2.2

Action                   |  1- 3 |  4- 6 |  7- 9 | 10-12 || total
-------------------------+-------+-------+-------+-------++-------
Melee: Long sword        |    74 |   195 |   143 |       ||   412
       Headbutt          |    11 |    42 |    63 |    68 ||   184
       Scimitar          |       |       |   117 |   202 ||   319
       Punch             |       |       |       |     2 ||     2
       Great sword       |       |       |       |   192 ||   192
       Flail             |       |       |       |    10 ||    10
 Fire: Longbow           |       |       |    40 |   145 ||   185
Invok: Heroism           |       |       |     1 |     8 ||     9
       Finesse           |       |       |       |     3 ||     3
  Use: Scroll            |       |    13 |     4 |     3 ||    20
       Potion            |       |       |       |     2 ||     2
 Stab: Invisible         |       |       |       |     1 ||     1
Armor: Leather armour    |     4 |       |       |       ||     4
       Scale mail        |    33 |    81 |    98 |       ||   212
       Chain mail        |       |       |    28 |   293 ||   321
Dodge: Dodged            |    47 |   139 |   162 |   243 ||   591
       Rpst.: Long sword |    15 |    37 |    19 |       ||    71
       Scimitar          |       |       |    19 |    21 ||    40
       Great sword       |       |       |       |    26 ||    26
